 Dungeon Crawl Stone Soup version 0.22.1-2-g9c5b331383 (webtiles) character file.

60 Jerry the Skirmisher (level 4, 0/37 HPs)
             Began as a Merfolk Fighter on Nov 26, 2018.
             Killed by divine providence
             ... invoked by an orc priest
              (13 damage)
             ... on level 4 of the Dungeon.
             The game lasted 00:02:31 (1421 turns).

Jerry the Skirmisher (Merfolk Fighter)              Turns: 1421, Time: 00:02:31

Health: 0/37       AC:  8    Str: 17    XL:     4   Next: 4%
Magic:  4/4        EV:  9    Int:  7    God:
Gold:   246        SH:  0    Dex: 13    Spells: 3/3 levels left

rFire    . . .     SeeInvis .   a - +0 long sword
rCold    . . .     Gourm    .   (no shield)
rNeg     . . .     Faith    .   b - +0 scale mail
rPois    .         Spirit   .   (no helmet)
rElec    .         Reflect  .   r - +0 cloak
rCorr    .         Harm     .   o - +0 pair of gloves (curse)
MR       .....     Rnd*Tele +   (no boots)
Stlth    ..........             (no amulet)
HPRegen  0.12/turn              e - ring of wizardry
MPRegen  0.09/turn              g - ring of teleportation (curse)

@: no status effects
A: change form in water, swift swim, stealthy swim
a: no special abilities


You were on level 4 of the Dungeon.
You were not hungry.

You visited 1 branch of the dungeon, and saw 3 of its levels.

You collected 246 gold pieces.

Inventory:

Hand Weapons
 a - a +0 long sword (weapon)
Armour
 b - a +0 scale mail (worn)
 o - a cursed +0 pair of gloves (worn)
 r - a +0 cloak (worn)
Jewellery
 e - a ring of wizardry (left hand)
 g - a cursed ring of teleportation (right hand)
Scrolls
 c - 2 scrolls of teleportation {unknown}
 h - a scroll of random uselessness {unknown}
 i - a scroll of fog {unknown}
 j - 3 scrolls of identify {unknown}
 m - a scroll of amnesia {unknown}
Potions
 d - a potion of might
 k - a potion of invisibility {unknown}
 l - 2 potions of ambrosia {unknown}
 n - a potion of haste {unknown}
 p - a potion of cancellation {unknown}
Comestibles
 f - 2 rations
 q - 5 chunks of flesh


   Skills:
 + Level 3.8 Fighting
 * Level 3.6 Long Blades
 + Level 2.5 Armour
   Level 3.0 Shields


You had 3 spell levels left.
You didn't know any spells.
Your spell library was empty.

Dungeon Overview and Level Annotations

Branches:
Dungeon (2/15)

Altars:


Message History

An orc comes into view. It is wielding a morningstar.
The orc shouts! 2 orcs come into view.
The orc shouts!
An orc priest comes into view. It is wielding a falchion.
The orc priest shouts!
The orc barely misses you.
You riposte.
You hit the orc.
The orc is lightly wounded.
Some of the chunks of flesh in your inventory have rotted away.
Found 12 gold pieces.
A dart slug comes into view.
The orc priest calls down the wrath of Beogh upon you.
Beogh smites you!
You hit the orc priest.
The orc priest is lightly wounded.
The orc priest mumbles some strange prayers to Beogh against you.
Pain shoots through your body!
The orc priest mumbles some strange prayers to Beogh against you.
Beogh smites you!
You die...

############
...........#
...........# ##
#########.)# ..
#..##########.####
#...oo@o..........
#..#######....###
#.o..o..o.........
#..#######..#.##..
#.?..# #....#
#o...# ......$w
#....# ......#.
#..... ........
#.o.... .....#.##


You could see an orc priest and 2 orcs.

Vanquished Creatures
  An adder (D:2)
  An ooze (D:1)
  A worm (D:2)
  3 dart slugs (D:1)
  5 bats
  2 giant cockroaches
  4 goblins
  3 hobgoblins
  2 jackals (D:2)
  3 kobolds (D:1)
  2 quokkas (D:2)
  A ball python (D:2)
  6 frilled lizards
  5 rats
39 creatures vanquished.

Notes
Turn   | Place    | Note
-------+----------+-------------------------------------------
     0 | D:1      | Jerry the Merfolk Fighter began the quest for the Orb.
     0 | D:1      | Reached XP level 1. HP: 18/18 MP: 1/1
    95 | D:1      | Reached XP level 2. HP: 24/24 MP: 2/2
   410 | D:1      | Reached XP level 3. HP: 27/29 MP: 3/3
  1317 | D:2      | Reached XP level 4. HP: 35/37 MP: 4/4
  1401 | D:2      | You fall through a shaft for 2 floors!
  1421 | D:4      | Killed from afar by an orc priest

Skill      XL: |  1  2 |
---------------+-------+-----
Long Blades    | 3 |  3.6
Fighting       | |  3.8
Armour         | |  2.5
Shields        | |  3.0

Action                   |  1- 3 |  4- 6 || total
-------------------------+-------+-------++-------
Melee: Long sword        |   113 |     7 ||   120
  Eat: Chunk             |     1 |     1 ||     2
Armor: Scale mail        |    75 |     5 ||    80
Dodge: Dodged            |    77 |    10 ||    87
       Rpst.: Long sword |    21 |     4 ||    25
